 Dungeon Crawl Stone Soup version 0.29.1 (webtiles) character file.

Game seed: 18023522411189431824

74 greasedhog the Skirmisher (level 4, 0/38 HPs)
             Began as a Gnoll Hunter on Sept 14, 2022.
             Was a Follower of Uskayaw.
             Slain by an ufetubus (3 damage)
             ... on level 3 of the Dungeon.
             The game lasted 00:01:58 (1647 turns).

greasedhog the Skirmisher (Gnoll Hunter)            Turns: 1647, Time: 00:01:58

Health: 0/38       AC:  5    Str: 11    XL:     4   Next: 28%
Magic:  5/5        EV: 12    Int:  8    God:    Uskayaw [*.....]
Gold:   150        SH:  0    Dex: 17    Spells: 5/5 levels left

rFire   . . .      SeeInvis .   o - +0 great sword
rCold   . . .      Faith    .   (shield currently unavailable)
rNeg    . . .      Spirit   .   i - +0 ring mail
rPois   .          Reflect  .   (no helmet)
rElec   .          Harm     .   (no cloak)
rCorr   .          Rampage  .   (no gloves)
Will    .....                   (no boots)
Stlth   ++........              (no amulet)
HPRegen 0.12/turn               (no ring)
MPRegen 0.09/turn               (no ring)

@: no status effects
A: fangs 1, strong nose, distributed training
a: Renounce Religion, Stomp


You were on level 3 of the Dungeon.
You worshipped Uskayaw.
Uskayaw was noncommittal.
You visited 1 branch of the dungeon, and saw 3 of its levels.

You collected 150 gold pieces.

Inventory:

Hand Weapons
 a - a +0 shortbow
 k - a +0 short sword
 o - a +0 great sword (weapon)
Armour
 i - a +0 ring mail (worn)
Scrolls
 b - a scroll of immolation
 d - 4 scrolls of noise
 f - a scroll of identify
 h - 3 scrolls of blinking
 l - a scroll of enchant weapon
 n - a scroll of poison
Potions
 g - a potion of mutation {unknown}
 j - a potion of heal wounds {unknown}
 m - 2 potions of brilliance {unknown}


   Skills:
 + Level 4.6 Fighting
 + Level 1.1 Short Blades
 + Level 1.1 Long Blades
 + Level 1.1 Axes
 + Level 1.1 Maces & Flails
 + Level 1.1 Polearms
 + Level 1.1 Staves
 + Level 8.5 Ranged Weapons
 + Level 1.1 Throwing
 + Level 1.1 Armour
 + Level 4.6 Dodging
 + Level 2.5 Stealth
 + Level 1.1 Shields
 + Level 1.1 Unarmed Combat
 + Level 1.1 Spellcasting
 + Level 0.9 Conjurations
 + Level 0.9 Hexes
 + Level 0.9 Summonings
 + Level 0.9 Necromancy
 + Level 0.9 Translocations
 + Level 0.9 Transmutations
 + Level 0.9 Fire Magic
 + Level 0.9 Ice Magic
 + Level 0.9 Air Magic
 + Level 0.9 Earth Magic
 + Level 0.9 Poison Magic
 + Level 1.2 Invocations
 + Level 1.1 Evocations


You had 5 spell levels left.
You didn't know any spells.
Your spell library contained the following spells:

 Spells                   Type           Power      Damage    Failure   Level
 Ozocubu's Armour         Ice            1%         N/A       88%         3
 Ozocubu's Refrigeration  Ice            0%         4d7       100%        7


Dungeon Overview and Level Annotations

Branches:
Dungeon (2/15)

Altars:
Uskayaw


Innate Abilities, Weirdness & Mutations

You have very sharp teeth.
Your uncanny sense of smell can sniff out nearby items.
Your experience applies equally to all skills.


Message History

You are too injured to fight recklessly!
You are too injured to fight recklessly!
You are too injured to fight recklessly!
You are too injured to fight recklessly!
Unknown command.
You closely miss the goblin. Your bite misses the goblin.
The ufetubus barely misses you. The ufetubus misses you.
The goblin hits you but does no damage.
The goblin unwields a +0 sling.
The goblin wields a +0 club.
The goblin closely misses you. The ufetubus barely misses you.
The ufetubus hits you. The goblin hits you but does no damage.
You barely miss the goblin. The ufetubus closely misses you.
The ufetubus hits you. The goblin barely misses you. The ufetubus misses you.
The ufetubus closely misses you. The goblin closely misses you.
The goblin hits you with a +0 club.
* * * LOW HITPOINT WARNING * * *
The ufetubus hits you.
* * * LOW HITPOINT WARNING * * *
The ufetubus closely misses you.
You closely miss the goblin. The ufetubus closely misses you. x2
The goblin misses you. The goblin closely misses you.
The ufetubus hits you but does no damage.
The ufetubus closely misses you. The goblin closely misses you.
The goblin hits you with a +0 club.
* * * LOW HITPOINT WARNING * * *
Unknown command.
You closely miss the goblin. The ufetubus barely misses you. x2
The ufetubus closely misses you. The ufetubus barely misses you.
The goblin hits you but does no damage. The goblin barely misses you.
The ufetubus misses you. x2; The goblin closely misses you.
You barely miss the ufetubus.
You bite the ufetubus, but do no damage.
The ufetubus hits you but does no damage.
The ufetubus misses you. The goblin barely misses you.
The goblin hits you with a +0 club.
* * * LOW HITPOINT WARNING * * *
The ufetubus hits you.
* * * LOW HITPOINT WARNING * * *
The ufetubus hits you.
You die...

#.# ..# ##### ..# .....
#.# .$.# .. #..# # #..#
#..# ♣ #.g### ♣♣♣♣###
#@g..## P.....# #.5...#
...♣#.# #†....##.
♣♣♣♣#.########
#........ #.#........#
#.........
#.#..P.P.#.###........#
#.#..♣P.PP.........##<#
#....P♣...P####....# ..
#..♣♣.♣PPPP.# .......


You could see an ufetubus and 2 goblins.

Vanquished Creatures
  Jessica (D:3)
  2 adders
  2 bats (D:3)
  An endoplasm (D:1)
  4 goblins
  4 hobgoblins
  3 jackals (D:3)
  5 kobolds
  2 ball pythons
  A frilled lizard (D:2)
  3 rats
28 creatures vanquished.

Vanquished Creatures (others)
  2 plants (D:3)
2 creatures vanquished.

Grand Total: 30 creatures vanquished

Notes
Turn   | Place    | Note
-------+----------+-------------------------------------------
     0 | D:1      | greasedhog the Gnoll Hunter began the quest for the Orb.
     0 | D:1      | Reached XP level 1. HP: 20/20 MP: 1/1
   669 | D:2      | Reached XP level 2. HP: 26/26 MP: 2/2
   755 | D:2      | Found a faded altar of an unknown god.
   767 | D:2      | Prayed at the altar of an unknown god.
   767 | D:2      | Became a worshipper of Uskayaw the Reveller
   767 | D:2      | Reached * piety under Uskayaw
   819 | D:2      | Reached ** piety under Uskayaw
   823 | D:2      | Reached *** piety under Uskayaw
   826 | D:2      | Reached XP level 3. HP: 20/31 MP: 3/3
  1002 | D:2      | You fall into a shaft and drop 1 floor!
  1194 | D:3      | Reached skill level 1 in Invocations
  1195 | D:3      | Noticed Jessica
  1220 | D:3      | Killed Jessica
  1221 | D:3      | Reached skill level 1 in Short Blades
  1221 | D:3      | Reached skill level 1 in Long Blades
  1221 | D:3      | Reached skill level 1 in Axes
  1221 | D:3      | Reached skill level 1 in Maces & Flails
  1221 | D:3      | Reached skill level 1 in Polearms
  1221 | D:3      | Reached skill level 1 in Staves
  1221 | D:3      | Reached skill level 1 in Throwing
  1221 | D:3      | Reached skill level 1 in Armour
  1221 | D:3      | Reached skill level 1 in Shields
  1221 | D:3      | Reached skill level 1 in Unarmed Combat
  1221 | D:3      | Reached skill level 1 in Spellcasting
  1221 | D:3      | Reached skill level 1 in Evocations
  1221 | D:3      | Reached XP level 4. HP: 4/38 MP: 2/5
  1647 | D:3      | Slain by an ufetubus

Illustrated notes

Levels and vault maps discovered:
D:1:      tarquinn_simple_flora_water_a, layout_loops_ring
D:2:      layout_basic, ebering_ecumenical_altar_abandoned
D:3:      layout_loops_ring, serial_forest, infiniplex_forest_corner_1,
          infiniplex_forest_clump_cross, infiniplex_forest_end_1,
          infiniplex_forest_clump_C, infiniplex_forest_zigzag_1,
          infiniplex_forest_end_2, infiniplex_forest_lined_room_2,
          infiniplex_forest_lined_4_way, infiniplex_forest_lined_2, uniq_jessica

Skill      XL: |  1  2  3 |
---------------+----------+-----
Invocations    | 1 |  1.2
Short Blades   | 1 |  1.1
Long Blades    | 1 |  1.1
Axes           | 1 |  1.1
Maces & Flails | 1 |  1.1
Polearms       | 1 |  1.1
Staves         | 1 |  1.1
Throwing       | 1 |  1.1
Armour         | 1 |  1.1
Shields        | 1 |  1.1
Unarmed Combat | 1 |  1.1
Spellcasting   | 1 |  1.1
Evocations     | 1 |  1.1
Fighting       | |  4.6
Ranged Weapons | |  8.5
Dodging        | |  4.6
Stealth        | |  2.5
Conjurations   | |  0.9
Hexes          | |  0.9
Summonings     | |  0.9
Necromancy     | |  0.9
Translocations | |  0.9
Transmutations | |  0.9
Fire Magic     | |  0.9
Ice Magic      | |  0.9
Air Magic      | |  0.9
Earth Magic    | |  0.9
Poison Magic   | |  0.9

Action                   |  1- 3 |  4- 6 || total
-------------------------+-------+-------++-------
Melee: Short sword       |    39 |     4 ||    43
       Bite              |     3 |     3 ||     6
       Punch             |     1 |       ||     1
       Great sword       |       |     9 ||     9
 Fire: Shortbow          |    38 |       ||    38
Invok: Stomp             |     1 |       ||     1
  Use: Scroll            |       |     4 ||     4
Armor: Ring mail         |    29 |    14 ||    43
Dodge: Dodged            |    46 |    48 ||    94
